 Dungeon Crawl Stone Soup version 0.28.0-53-g5a82cb258f (webtiles) character file.

Game seed: 8237447415480591937

9 Zeld the Digger (level 2, -1/15 HPs)
             Began as a Gargoyle Earth Elementalist on June 14, 2022.
             Slain by Terence
             ... wielding a +1 mace of holy wrath
              (6 damage)
             ... on level 1 of the Dungeon.
             The game lasted 00:01:03 (355 turns).

Zeld the Digger (Gargoyle Earth Elementalist)        Turns: 355, Time: 00:01:04

Health: -1/15      AC:  4    Str: 11    XL:     2   Next: 12%
Magic:  1/5        EV: 11    Int: 15    God:
Gold:   9          SH:  0    Dex: 10    Spells: 2/5 levels left

rFire   . . .      SeeInvis .   (no weapon)
rCold   . . .      Faith    .   (no shield)
rNeg    + . .      Spirit   .   b - +0 robe
rPois   ∞          Reflect  .   (no helmet)
rElec   +          Harm     .   (no cloak)
rCorr   .          Rampage  .   (no gloves)
Will    .....                   (no boots)
Stlth   ++........              (no amulet)
HPRegen 0.05/turn               (no ring)
MPRegen 0.09/turn               (no ring)

@: no status effects
A: sickness immunity, AC +2, negative energy resistance 1, electricity
resistance, torment resistance 1, petrification resistance
a: no special abilities


You were on level 1 of the Dungeon.
You visited 1 branch of the dungeon, and saw 2 of its levels.

You collected 9 gold pieces.

Inventory:

Missiles
 a - 5 poisoned darts
 c - 14 stones
Armour
 b - a +0 robe (worn)
Scrolls
 d - a scroll of noise {unknown}


   Skills:
 - Level 1.5 Dodging
 - Level 2.1 Stealth
 + Level 2.1 Spellcasting
 * Level 1.2 Transmutations
 + Level 3.8 Earth Magic


You had 2 spell levels left.
You knew the following spells:

 Your Spells              Type           Power      Damage    Failure   Level
a - Sandblast             Erth           26%        2d8       4%          1
b - Passwall              Tmut/Erth      7%         N/A       12%         2

Your spell library contained the following spells:

 Spells                   Type           Power      Damage    Failure   Level
 Stone Arrow              Conj/Erth      14%        3d7       30%         3
 Petrify                  Tmut/Erth      9%         N/A       58%         4


Dungeon Overview and Level Annotations

Branches:
Dungeon (2/15)

Altars:

Shops:
D:1 *

Annotations:
D:1 Terence


Innate Abilities, Weirdness & Mutations

You are immune to sickness and miasma.
Your stone body is resilient. (AC +2)
You are immune to poison.
You resist negative energy. (rN+)
You are resistant to electric shocks. (rElec)
You are resistant to unholy torment.
You are immune to petrification.


Message History

There is a stone staircase leading up here.
Terence hits you with a +1 mace of holy wrath.
You climb upwards.
There is a stone staircase leading down here.
Okay, then.
Casting: Sandblast (safe; 4% risk of failure)
Confirm with . or Enter, or press ? or * to list all spells.
Aiming: Sandblast (safe; 4% risk of failure)
Press: ? - help, Shift-Dir - straight line, f - Terence
Aim: Terence, wielding a +1 mace of holy wrath and wearing a +0 scale mail (moderately wounded, 82% to hit)
The blast of sand hits Terence.
Terence is heavily wounded.
Terence hits you with a +1 mace of holy wrath.
Casting: Sandblast (safe; 4% risk of failure)
Confirm with . or Enter, or press ? or * to list all spells.
Aiming: Sandblast (safe; 4% risk of failure)
Press: ? - help, Shift-Dir - straight line, f/p - Terence
Aim: Terence, wielding a +1 mace of holy wrath and wearing a +0 scale mail (heavily wounded, 82% to hit)
The blast of sand hits Terence.
Terence is severely wounded.
Terence closely misses you.
Unknown command.
Casting: Sandblast (safe; 4% risk of failure)
Confirm with . or Enter, or press ? or * to list all spells.
Aiming: Sandblast (safe; 4% risk of failure)
Press: ? - help, Shift-Dir - straight line, f/p - Terence
Aim: Terence, wielding a +1 mace of holy wrath and wearing a +0 scale mail (severely wounded, 82% to hit)
The blast of sand hits Terence.
Terence is almost dead.
Terence hits you but does no damage.
Unknown command.
Casting: Sandblast (safe; 4% risk of failure)
Confirm with . or Enter, or press ? or * to list all spells.
Aiming: Sandblast (safe; 4% risk of failure)
Press: ? - help, Shift-Dir - straight line, f/p - Terence
Aim: Terence, wielding a +1 mace of holy wrath and wearing a +0 scale mail (almost dead, 82% to hit)
The blast of sand hits Terence but does no damage.
Terence is almost dead.
Terence hits you with a +1 mace of holy wrath.
You die...

♣≈≈P≈≈†≈#.##.#.# #.......
♣≈≈PP≈≈♣#..#.#.# ##.......
♣♣≈≈≈≈≈≈♣##.....# ##........
≈≈≈≈≈≈P≈≈##.....# #...#####.
P≈≈≈≈≈PP≈.......# ##..### .
≈≈≈≈≈≈≈≈..##....# . #.#..##
..........##....# ≈..####..###
≈P≈≈≈≈≈♣..##..#@# ≈≈≈.#..##.#.#
≈≈≈≈PP≈♣.###..#@#..≈≈≈....#...#
≈≈≈PP≈♣..'.....##.≈≈...≈≈.....#
≈≈≈♣≈...###...#≈≈.≈..≈≈≈≈..≈.#
≈♣♣P........>.##....≈≈≈≈≈...##
♣..#######..# #...≈≈≈≈≈≈≈.#
♣...#........# #..≈≈≈≈≈≈≈..#
#.####........#.#.≈.≈≈.≈≈≈≈.#
#. #........#...≈≈..<..≈≈.# #
#........###.≈≈≈..≈≈.≈.#


You could see Terence.

Vanquished Creatures
  A ball python (D:1)
  2 bats
  2 endoplasms (D:1)
  A hobgoblin (D:1)
  A rat (D:2)
7 creatures vanquished.

Vanquished Creatures (others)
  A plant (D:1)
1 creature vanquished.

Grand Total: 8 creatures vanquished

Notes
Turn   | Place    | Note
-------+----------+-------------------------------------------
     0 | D:1      | Zeld the Gargoyle Earth Elementalist began the quest for
                  | the Orb.
     0 | D:1      | Reached XP level 1. HP: 10/10 MP: 3/3
    20 | D:1      | Found Liur's General Store.
    69 | D:1      | Reached skill level 1 in Transmutations
   231 | D:1      | Reached XP level 2. HP: 15/15 MP: 3/5
   261 | D:1      | Learned a level 2 spell: Passwall
   271 | D:2      | Noticed Terence
   355 | D:1      | Slain by Terence

Illustrated notes

Levels and vault maps discovered:
D:1:      dpeg_arrival_subterranean_lakeside_camping, layout_basic,
          serial_shops, shop, serial_bayou, serial_bayou_lagoon_b,
          serial_bayou_lake_a, serial_bayou_crossing, serial_bayou_shore_a,
          serial_bayou_lagoon_a, corexii_item_surrounded_by_moat
D:2:      layout_basic, hangedman_decor_slide_cut, uniq_terence, uniq_natasha

Skill      XL: |  1 |
---------------+----+-----
Transmutations | 1 |  1.2
Dodging        | |  1.5
Stealth        | |  2.1
Spellcasting   | |  2.1
Earth Magic    | |  3.8

Action                   || total
-------------------------++-------
Melee: Unarmed           ||     3
 Cast: Sandblast         ||    16
Armor: Robe              ||     5
Dodge: Dodged            ||    10
